 Dungeon Crawl Stone Soup version 0.32-a0-909-gc671339a80 (webtiles) character file.

Game seed: 14356445663513374783

9 croobank the Sneak (level 2, -4/16 HPs)
             Began as a Felid Delver on Apr 6, 2024.
             Slain by a hound (5 damage)
             ... on level 5 of the Dungeon.
             The game lasted 00:01:47 (176 turns).

croobank the Sneak (Felid Delver)                    Turns: 176, Time: 00:01:47

Health: -4/16      AC:  1    Str:  8    XL:     2   Next: 3%
Magic:  3/3        EV: 17    Int: 13    God:
Gold:   0          SH:  0    Dex: 17    Spells: 1/1 levels left
                                        Lives:  0   Deaths: 1

rFire   . .          .
                       - Unarmed
rCold   . . .        (shield unavailable)
rNeg    . . .        (body armour unavailable)
rPois   .            (helmet unavailable)
rElec   .            (cloak unavailable)
rCorr   .            (gloves unavailable)
SInv    +            (boots unavailable)
Will    .....        (no amulet)
Stlth   ++++         (no ring)
HPRegen 0.22/turn    (no ring)
MPRegen 0.08/turn

%: no passive effects
@: no status effects
A: very small, claws 1, fangs 3, see invisible, shaggy fur 1, stealthy paws, no
weapons or thrown items, no armour, multi-lived
a: no special abilities


You were on level 5 of the Dungeon.
You visited 1 branch of the dungeon, and saw 2 of its levels.

Inventory:

Wands
 e - a wand of digging (3)
Potions
 f - a potion of brilliance


   Skills:
 + Level 3.1 Fighting
 + Level 3.0 Dodging
 + Level 6.7 Stealth
 + Level 2.2 Unarmed Combat


You had one spell level left.
You didn't know any spells.
Your spell library was empty.

Dungeon Overview and Level Annotations

Branches:
Dungeon (6/15)
 Temple: D:4-7

Altars:


Innate Abilities, Weirdness & Mutations

You have sharp claws.
You have razor-sharp teeth.
You have supernaturally acute eyesight. (SInv)
You are covered in fur. (AC +1)
Your paws help you pounce on unaware monsters.
You are incapable of wielding weapons or throwing items.
You cannot wear armour.
You gain extra lives every three experience levels.


Message History

It was a potion of brilliance.
You feel clever all of a sudden. The quokka bites you.
* * * LOW HITPOINT WARNING * * *
The ogre misses you.
You scratch the ogre.
The ogre is moderately wounded.
The quokka bites you.
You die...
You rejoin the land of the living...
Unknown command.
As you read the scroll of revelation, it crumbles to dust.
You feel aware of your surroundings.
You sensed 1 altar, and 1 shop/portal.
Found 18 gold pieces.
An ogre comes into view. It is wielding a +0 giant club.
The ogre shouts!
There is an escape hatch in the floor here.
Found a scroll labelled PAYPAH LAUL.
The ogre misses you.
The hound barks!
You scratch the ogre.
The ogre is lightly wounded.
The ogre closely misses you.
You scratch the ogre.
The ogre is lightly wounded.
You barely miss the ogre.
The ogre is lightly wounded.
The ogre hits you with a +0 giant club!
Ouch! That really hurt!
* * * LOW HITPOINT WARNING * * *
Found a scroll labelled FISEQU HAZOWU.
Found a leather armour.
The hound misses you. The hound attacks as it pursues you!
The hound misses you. The hound bites you.
* * * LOW HITPOINT WARNING * * *
A hound is nearby!
You scratch the hound.
The hound is heavily wounded.
The hound bites you.
You die...

,,,,,,,,,,,,,,,,,,,,,,,******,,,,
******,,**,,,,,,,.....,* *,,,,
**,,,,,*,,,,......,,* *,,,,
*,,***,,*+*,,....#*** *,,,,
*,**,**,#.*,,....#### *,,,,
*,*,,,*,#.,,,....[..## *,,,,
*,*,∩,*,#.***#.......# *,,,,
*,*,,,*,#.####.......# *,,,,
*,**,**,#....@.......# *,,,,
*,,***,,#..###h.?....# *,,,,
**,,,,,*#...O........#*****+**
***.####..####.?.....,,,**,,,
#........h.........,,,*,***
######....#####....,,,,,,,,
#..#>## *....,..o.,*# #..#..#
*,...,.......
#..##.###*,,..,....o.#


You could see a hound.

Vanquished Creatures
  An adder (D:5)
1 creature vanquished.

Notes
Turn   | Place    | Note
-------+----------+-------------------------------------------
     0 | D:5      | croobank the Felid Delver began the quest for the Orb.
     0 | D:5      | Reached XP level 1. HP: 12/12 MP: 2/2
    14 | D:6      | Noticed a bombardier beetle
    14 | D:6      | Noticed an ogre
    45 | D:5      | Reached XP level 2. HP: 15/16 MP: 3/3
   135 | D:5      | Noticed an ogre
   152 | D:5      | Slain by a quokka
   152 | D:5      | Lost a life (0 lives remaining)
   163 | D:5      | Noticed an ogre
   176 | D:5      | Slain by a hound

Illustrated notes

Levels and vault maps discovered:
D:5:      cheibrodos_quashed, layout_basic, lemuel_mausoleum_altar_yredelemnul,
          minmay_misc_feat_more_columns
D:6:      layout_cave_pools

Skill      XL: |  1 |
---------------+----+-----
Dodging        | 3 |  3.0
Fighting       | |  3.1
Stealth        | |  6.7
Unarmed Combat | |  2.2

Action                     || total
---------------------------++-------
  Melee: Unarmed           ||    30
         Bite              ||     2
         Punch             ||     1
    Use: Scroll            ||     3
         Potion            ||     2
 Armour: Skin              ||    13
  Dodge: Dodged            ||    32

Table legend: (Time is in decaauts)
 A = Elapsed time spent in this place.
 B = Non-inter-level travel time spent in this place.
 C = Inter-level travel time spent in this place.
 D = Time resting spent in this place.
 E = Time spent auto-exploring this place.
 F = Levels seen in this place.
 G = Mean time per level.
                   A        B        C        D        E       F      G
               +--------+--------+--------+--------+--------+-----+--------+
         Total |    174 |    174 |      0 |      0 |     36 |   2 |   87.0 |
       Dungeon |    174 |    174 |      0 |      0 |     36 |   2 |   87.0 |
               +--------+--------+--------+--------+--------+-----+--------+

Top non-repeatable levels by time:
     D:5: 172 daAuts
     D:6: 1 daAuts
